 Dungeon Crawl Stone Soup version 0.30-a0-167-g62a5988fa7 (webtiles) character file.

Game seed: 10008657098613309749

275 qw the Chopper (level 6, -10/38 HPs)
             Began as a Gargoyle Fighter on Sept 29, 2022.
             Mangled by Duvessa
             ... wielding a +5 short sword of venom
              (11 damage)
             ... on level 4 of the Dungeon.
             The game lasted 00:01:31 (3993 turns).

qw the Chopper (Gargoyle Fighter)                   Turns: 3993, Time: 00:01:32

Health: -10/38     AC: 15    Str: 22    XL:     6   Next: 25%
Magic:  6/6        EV:  7    Int:  8    God:
Gold:   184        SH:  4    Dex:  9    Spells: 5/5 levels left

rFire   . . .      SeeInvis .    Y - +0 war axe
rCold   . . .      Faith    .    c - +0 buckler
rNeg    + . .      Spirit   .    i - +0 chain mail
rPois   inf        Reflect  .    (no helmet)
rElec   +          Harm     .    (no cloak)
rCorr   .          Rampage  .    b - +1 pair of gloves
Will    .....                    (no boots)
Stlth   ..........               (no amulet)
HPRegen 0.12/turn                (no ring)
MPRegen 0.10/turn                (no ring)

@: no status effects
A: sickness immunity, AC +4, negative energy resistance 1, electricity
resistance, torment resistance 1, petrification resistance
a: no special abilities


You were on level 4 of the Dungeon.
You visited 1 branch of the dungeon, and saw 4 of its levels.

You collected 184 gold pieces.


Innate Abilities, Weirdness & Mutations

You are immune to sickness and miasma.
Your stone body is resilient. (AC +4)
You are immune to poison.
You resist negative energy. (rN+)
You are resistant to electric shocks. (rElec)
You are resistant to unholy torment.
You are immune to petrification.


   Skills:
 - Level 4.3 Fighting
 + Level 5.3 Axes
 - Level 3.2 Armour
 - Level 3.2 Shields


You had 5 spell levels left.
You didn't know any spells.
Your spell library was empty.

Inventory:

Hand Weapons
 l - a +0 flail
 Y - a +0 war axe (weapon)
Armour
 b - a +1 pair of gloves (worn)
 c - a +0 buckler (worn)
 h - a +0 plate armour
 i - a +0 chain mail (worn)
Scrolls
 f - a scroll of summoning {unknown}
 j - a scroll of identify
Potions
 d - a potion of might
 e - a potion of haste
 g - a potion of brilliance {unknown}
 k - a potion of flight {unknown}

Dungeon Overview and Level Annotations

Branches:
Dungeon (4/15)
 Temple: D:4-7

Altars:
Cheibriados
Elyvilon

Annotations:
D:4 Duvessa, Grinder


Message History

Dowan is heavily wounded.
You block Dowan's attack.
Dowan says, "My weaknesses are her strengths!"
Dowan hits you but does no damage.
You slash Dowan!
Dowan is almost dead.
Dowan hits you with a +2 dagger of flaming.
Dowan burns you.
You hit Dowan.
Dowan is almost dead.
Dowan hits you but does no damage. x2
You miss Dowan.
Dowan is almost dead.
Dowan hits you but does no damage.
You miss Dowan.
Dowan is almost dead.
You hit Duvessa but do no damage. You slash Duvessa!
Duvessa is moderately wounded.
Duvessa hits you with a +5 short sword of venom!
Dowan mumbles some strange words.
Dowan blinks!
Duvessa zaps a wand.
The puff of flame hits you.
You barely miss Dowan.
Dowan is almost dead.
You closely miss Duvessa.
Dowan hits you with a +2 dagger of flaming.
Dowan burns you. You block Duvessa's attack.
You hit Dowan.
You kill Dowan!
Duvessa screams in rage.
Duvessa goes berserk!
You barely miss Duvessa. You block Duvessa's attack.
Duvessa hits you with a +5 short sword of venom!
You hit Duvessa.
Duvessa is moderately wounded.
Duvessa hits you with a +5 short sword of venom.
You hit Duvessa but do no damage.
Duvessa is moderately wounded.
Duvessa hits you with a +5 short sword of venom!
You die...

.......######
+##%.).......
.#..##############
.#.###...........#
.#.# #.#########.#
...# #.#<..# #.#
...# #.###.# #.#
..## #.# #.# #)#
..# #.# #.# #@#
..####.# #.# #e#
.......###.# #.#
...........# #.#
############ #.#
#.# #.# #.#


You could see Duvessa (berserk).

Vanquished Creatures
  Dowan (D:4)
  An iguana (D:4)
  2 orc wizards (D:4)
  A mummy (D:4)
  3 gnolls (D:3)
  4 adders
  An ufetubus (D:4)
  4 worms
  2 dart slugs
  7 orcs
  5 bats
  5 endoplasms
  4 giant cockroaches
  3 hobgoblins
  4 quokkas
  10 ball pythons
  6 frilled lizards
  5 goblins
  3 hobgoblin zombies (D:4)
  5 kobolds
  A kobold zombie (D:4)
  5 rats
82 creatures vanquished.

Notes
Turn   | Place    | Note
-------+----------+-------------------------------------------
     0 | D:1      | qw the Gargoyle Fighter began the quest for the Orb.
     0 | D:1      | Reached XP level 1. HP: 14/14 MP: 1/1
     0 | D:1      | 0 ||| qw: Version: 0.2-a-12-gaebbb33
     0 | D:1      | 0 ||| qw: Game counter: 1082
     0 | D:1      | 0 ||| qw: Always use a shield: true
     0 | D:1      | 0 ||| qw: God list: Okawaru
     0 | D:1      | 0 ||| qw: Allow faded altars: false
     0 | D:1      | 0 ||| qw: Do Orc after D:15 true
     0 | D:1      | 0 ||| qw: Do second Lair branch before Depths: true
     0 | D:1      | 0 ||| qw: Lair rune preference: random
     0 | D:1      | 0 ||| qw: Plans: Normal, Zot:1-4, God:TSO, Crypt, Tomb,
                  | Pan, Slime:5, Hells, Abyss, Orb
     0 | D:1      | 0 ||| PLANNING D:1-11
    60 | D:1      | Reached skill level 2 in Axes
    80 | D:1      | 80 ||| DROPPING +0 mace.
   425 | D:1      | Reached XP level 2. HP: 14/19 MP: 2/2
   648 | D:1      | 648 ||| READING scroll labelled MERPHU UTSANGOAJ.
   649 | D:1      | 649 ||| READING scroll labelled MONTOTS UNONU.
   650 | D:1      | 650 ||| READING scroll labelled BECRIXK LONWAO.
   651 | D:1      | 651 ||| READING scroll labelled ROZAONIGYP.
   664 | D:2      | 664 ||| STAIRDANCE
   669 | D:2      | 669 ||| STAIRDANCE
   754 | D:2      | 754 ||| STAIRDANCE
   838 | D:2      | 838 ||| Stepping ~*~*~tactically~*~*~ (stealth).
   853 | D:2      | Reached skill level 3 in Axes
   863 | D:2      | 863 ||| FLEEEEING.
   867 | D:2      | 867 ||| STAIRDANCE
   991 | D:1      | 991 ||| READING 2 scrolls labelled URIPOU SOSKARA.
   992 | D:1      | 992 ||| DROPPING scroll of poison.
  1002 | D:2      | Identified the +4 whip of the Unliving {flame, rElec Str+3}
  1004 | D:2      | 1004 ||| DROPPING +3 whip.
  1083 | D:2      | 1083 ||| FLEEEEING.
  1084 | D:2      | 1084 ||| FLEEEEING.
  1085 | D:2      | 1085 ||| STAIRDANCE
  1189 | D:2      | Reached XP level 3. HP: 23/23 MP: 3/3
  1193 | D:2      | 1193 ||| Stepping ~*~*~tactically~*~*~ (stealth).
  1197 | D:2      | 1197 ||| STAIRDANCE
  1302 | D:2      | 1302 ||| Stepping ~*~*~tactically~*~*~ (stealth).
  1364 | D:2      | 1364 ||| Stepping ~*~*~tactically~*~*~ (stealth).
  1381 | D:2      | 1381 ||| Stepping ~*~*~tactically~*~*~ (stealth).
  1451 | D:2      | 1451 ||| Stepping ~*~*~tactically~*~*~ (hiding).
  1453 | D:2      | 1453 ||| Stepping ~*~*~tactically~*~*~ (hiding).
  1519 | D:2      | 1519 ||| Stepping ~*~*~tactically~*~*~ (stealth).
  1736 | D:2      | 1736 ||| UPGRADING to +0 chain mail.
  1746 | D:2      | 1746 ||| DROPPING +0 scale mail.
  1747 | D:2      | 1747 ||| READING scroll labelled QUGGERROSUN.
  1751 | D:2      | 1751 ||| READING scroll labelled REARHO GODOTE.
  1807 | D:2      | 1807 ||| READING 2 scrolls of identify.
  1807 | D:2      | 1807 ||| IDENTIFYING clear potion
  1866 | D:3      | Reached XP level 4. HP: 28/28 MP: 4/4
  1868 | D:3      | 1868 ||| Stepping ~*~*~tactically~*~*~ (stealth).
  1972 | D:3      | Reached skill level 4 in Axes
  1997 | D:3      | 1997 ||| Stepping ~*~*~tactically~*~*~ (hiding).
  2199 | D:3      | Found a faded altar of an unknown god.
  2340 | D:3      | Found a faded altar of an unknown god.
  2345 | D:3      | Found a snail-covered altar of Cheibriados.
  2520 | D:3      | 2520 ||| Stepping ~*~*~tactically~*~*~ (hiding).
  2524 | D:3      | Reached XP level 5. HP: 32/32 MP: 5/5
  2989 | D:3      | 2989 ||| UPGRADING to +1 pair of gloves.
  3106 | D:4      | 3106 ||| STAIRDANCE
  3143 | D:4      | 3143 ||| Stepping ~*~*~tactically~*~*~ (stealth).
  3149 | D:4      | 3149 ||| Stepping ~*~*~tactically~*~*~ (stealth).
  3210 | D:4      | Reached skill level 5 in Axes
  3451 | D:4      | Found a white marble altar of Elyvilon.
  3497 | D:4      | 3497 ||| Stepping ~*~*~tactically~*~*~ (stealth).
  3511 | D:4      | Noticed Grinder
  3515 | D:4      | 3515 ||| Stepping ~*~*~tactically~*~*~ (hiding).
  3516 | D:4      | 3516 ||| Stepping ~*~*~tactically~*~*~ (hiding).
  3517 | D:4      | 3517 ||| FLEEEEING.
  3518 | D:4      | 3518 ||| FLEEEEING.
  3519 | D:4      | 3519 ||| FLEEEEING.
  3522 | D:4      | 3522 ||| Stepping ~*~*~tactically~*~*~ (hiding).
  3530 | D:4      | HP: 8/33 [Grinder/nerve-wracking pain (7)]
  3531 | D:4      | 3531 ||| READING scroll of teleportation.
  3533 | D:4      | HP: 3/33 [hobgoblin zombie (1)]
  3903 | D:4      | Reached XP level 6. HP: 38/38 MP: 6/6
  3914 | D:4      | 3914 ||| DROPPING +4 whip of the Unliving {flame, rElec
                  | Str+3}.
  3981 | D:4      | Noticed Dowan
  3982 | D:4      | Noticed Duvessa
  3991 | D:4      | Killed Dowan
  3991 | D:4      | HP: 6/38 [Duvessa/+5 short sword of venom (11)]
  3992 | D:4      | HP: 1/38 [Duvessa/+5 short sword of venom (5)]
  3993 | D:4      | Mangled by Duvessa

Levels and vault maps discovered:
D:1:      minmay_arrival_nine_rooms, layout_rooms
D:2:      layout_rooms, reono_crystal_passage
D:3:      layout_basic, nicolae_overflow_ecumenical_swirl,
          dreamdust_ecumenical_altar_angels_and_demons, grunt_ministairs_6
D:4:      minmay_chambers_of_fours, layout_basic, mainiacjoe_overflow_alcove_1,
          minmay_temple_entry_butterflies, minmay_mini_ossuary, uniq_grinder,
          uniq_duvessa

Skill      XL: |  1  2  3  4  5 |
---------------+----------------+-----
Axes           | 2 3 4 5 |  5.3
Fighting       | 4 |  4.3
Armour         | |  3.2
Shields        | |  3.2

Action                   |  1- 3 |  4- 6 || total
-------------------------+-------+-------++-------
Melee: War axe           |   118 |   154 ||   272
Throw: Boomerang         |     7 |       ||     7
  Use: Scroll            |     8 |     1 ||     9
Armor: Scale mail        |    76 |       ||    76
       Chain mail        |     5 |    99 ||   104
Dodge: Dodged            |    44 |    33 ||    77
Block: Buckler           |    27 |    20 ||    47

Table legend:
 A = Non-vault XP
 B = Vault XP
 C = Vault XP percentage of total XP
 D = Non-vault monster count
 E = Vault monster count
 F = Vault count percentage of total count
                 A         B        C        D         E       F
            +---------+---------+-------+---------+---------+-------
      Total |     300 |      94 |  23.9 |      74 |       8 |   9.8
            +---------+---------+-------+---------+---------+-------
        D:1 |      20 |       0 |   0.0 |      12 |       0 |   0.0
        D:2 |      59 |       0 |   0.0 |      25 |       0 |   0.0
        D:3 |      99 |       3 |   2.9 |      22 |       2 |   8.3
        D:4 |     122 |      91 |  42.7 |      15 |       6 |  28.6
            +---------+---------+-------+---------+---------+-------
